Map: Eternal Empire LE

Players

MaSa

  • Race: Terran Terran
  • League: Master
  • Spawn Location: 7:00

LiquidTLO (TLO) - Winner!

  • Race: Zerg Zerg
  • League: Master
  • Spawn Location: 1:00

Event: DreamHack SC2 Masters 2020 Fall

VOD

Have the link to the VOD?

Description

Time

  • Played on: Sept. 6, 2020, 4:17 p.m.
  • Length: 10:01

All games in this series

Show
View Real Time Build Order
Export as new Build Order

MaSa Terran 

Build Orders: Reaper Expand 

Get SALT Encoding   

  12  0:00  SCV  
  13  0:12  SCV  
  14  0:17  Supply Depot  
  14  0:24  SCV  
  15  0:38  SCV  
  15  0:41  Barracks  
  16  0:43  Refinery  
  16  0:50  SCV  
  17  1:02  SCV  
  18  1:15  SCV  
  19  1:28  Orbital Command, Reaper  
  20  1:41  Command Center  
  20  1:49  Bunker  
  20  1:55  SCV  
  21  2:01  Supply Depot  
  21  2:03  Marine  
  21  2:07  SCV  
  23  2:21  Factory  
  23  2:23  Bunker, Barracks Reactor  
  23  2:24  SCV  
  24  2:36  SCV  
  25  2:42  Refinery  
  25  2:48  SCV  
  26  2:53  Orbital Command  
  26  3:00  SCV  
  27  3:12  Starport, SCV  
  30  3:13  Hellion x2  
  30  3:14  Barracks Tech Lab  
  32  3:24  SCV  
  32  3:25  SCV  
  34  3:34  Marine  
  34  3:35  Stimpack  
  34  3:36  Hellion x2  
  34  3:37  SCV  
  34  3:38  SCV  
  40  3:42  Supply Depot  
  40  3:49  Viking  
  40  3:51  SCV  
  40  3:53  SCV  
  40  3:54  Marine  
  45  4:03  SCV  
  45  4:04  Hellion  
  45  4:05  Hellion  
  45  4:07  SCV  
  51  4:14  Marine  
  52  4:18  Supply Depot  
  52  4:19  SCV  
  52  4:23  Starport Reactor  
  53  4:27  SCV  
  54  4:36  Command Center, Barracks  
  54  4:39  SCV  
  54  4:43  Factory Tech Lab  
  54  4:44  SCV  
  56  4:47  Barracks  
  56  4:51  SCV, Marine  
  58  4:55  Engineering Bay  
  58  4:58  SCV  
  59  5:02  Engineering Bay  
  59  5:03  SCV  
  60  5:09  Marine  
  60  5:10  SCV  
  60  5:15  SCV  
  60  5:20  Siege Tank, Supply Depot  
  64  5:22  SCV  
  64  5:23  Starport Reactor  
  64  5:24  Marine x2  
  64  5:28  SCV  
  68  5:30  Terran Infantry Weapons Level 1  
  68  5:31  Terran Infantry Armor Level 1, Marine  
  69  5:39  SCV  
  69  5:41  Refinery x2  
  69  5:42  Marine  
  71  5:46  Combat Shield  
  71  5:47  SCV  
  71  5:49  Orbital Command  
  72  5:51  Marine x2  
  72  5:55  Marine  
  72  5:56  Marine  
  76  5:58  SCV  
  76  6:03  Siege Tank  
  80  6:04  SCV  
  80  6:08  Marine  
  80  6:09  Marine x2  
  80  6:10  SCV  
  85  6:13  Medivac  
  87  6:20  Orbital Command  
  87  6:21  Medivac  
  87  6:22  SCV  
  87  6:23  Marine x2  
  92  6:27  Supply Depot  
  92  6:34  Barracks  
  92  6:35  SCV  
  93  6:40  Barracks  
  93  6:49  SCV x2, Marine x2  
  93  6:50  SCV  
  93  6:53  Medivac  
  100  6:54  Armory  
  100  6:57  Medivac  
  100  7:00  Marine x3  
  99  7:01  SCV x2  
  99  7:05  SCV  
  99  7:07  Supply Depot  
  98  7:13  SCV x2, Marine  
  101  7:17  Supply Depot  
  101  7:18  Supply Depot  
  101  7:29  SCV x2, Marine x3  
  107  7:30  Siege Tank, Barracks Reactor x2  
  109  7:39  Medivac x2  
  109  7:42  Marine x2  
  109  7:43  SCV  
  108  7:46  SCV x2  
  108  7:48  Supply Depot  
  108  7:49  Supply Depot  
  110  7:55  SCV  
  110  7:58  SCV x2  
  113  8:04  Marine x5  
  118  8:07  SCV  
  118  8:08  Siege Tank  
  118  8:10  SCV x2, Marine x2  
  125  8:18  Marine x2  
  117  8:21  Marine x2  
  117  8:22  SCV x2  
  100  8:28  Marine x3  
  100  8:29  Medivac x2, Marine  
  99  8:45  Supply Depot  
  99  8:46  Supply Depot  
  85  9:00  Supply Depot  
  85  9:10  SCV, Supply Depot x2, Marine  
  85  9:16  Missile Turret  
  85  9:21  Marine x7  
  85  9:22  SCV  
  93  9:31  SCV, Marine x2  
  93  9:34  SCV  
  90  9:39  Marine x7  
  90  9:43  SCV  
  90  9:44  Supply Depot  
  93  9:46  SCV  
Show
View Real Time Build Order
Export as new Build Order

LiquidTLO Zerg - Winner!

Build Orders: Hatch First 

Get SALT Encoding   

  12  0:00  Drone  
  13  0:12  Overlord  
  13  0:16  Drone  
  14  0:30  Drone  
  14  0:31  Drone  
  16  0:48  Hatchery  
  15  0:51  Drone  
  15  0:55  Drone  
  17  0:58  Drone  
  17  1:04  Extractor  
  17  1:14  Spawning Pool  
  17  1:18  Drone  
  17  1:20  Drone  
  18  1:28  Drone  
  19  1:38  Drone  
  20  1:49  Overlord  
  20  2:00  Queen  
  22  2:01  Queen  
  22  2:02  Zergling x4  
  22  2:08  Metabolic Boost  
  26  2:13  Drone  
  27  2:16  Drone  
  27  2:21  Drone x2  
  30  2:32  Drone  
  31  2:37  Queen, Overlord  
  33  2:45  Overlord  
  33  2:47  Drone  
  34  2:54  Overlord  
  34  2:56  Zergling x2  
  35  3:04  Queen  
  35  3:05  Drone  
  38  3:07  Drone  
  38  3:08  Drone  
  38  3:09  Drone  
  38  3:10  Drone  
  42  3:19  Extractor  
  40  3:26  Hatchery  
  40  3:27  Drone x3  
  41  3:30  Drone  
  44  3:37  Drone  
  44  3:40  Queen  
  47  3:41  Drone  
  47  3:43  Drone  
  47  3:46  Drone x2  
  51  3:49  Drone  
  51  3:51  Extractor  
  51  3:53  Overlord  
  51  3:54  Zergling x2  
  52  3:57  Drone  
  52  3:59  Drone  
  52  4:01  Overlord  
  54  4:04  Drone  
  55  4:13  Drone, Evolution Chamber x2  
  55  4:14  Overlord  
  55  4:16  Drone  
  55  4:19  Drone x2  
  55  4:21  Drone  
  55  4:22  Drone  
  55  4:23  Drone  
  60  4:28  Drone  
  60  4:29  Zergling x2  
  62  4:34  Drone  
  62  4:37  Zergling x2  
  64  4:39  Queen  
  64  4:40  Zergling x2  
  64  4:45  Zerg Ground Armor Level 1  
  66  4:48  Zerg Melee Weapons Level 1  
  66  4:50  Zergling x2  
  66  4:52  Zergling x2  
  68  4:53  Drone x2  
  68  4:59  Drone  
  70  5:00  Drone  
  70  5:03  Drone  
  70  5:05  Drone x4  
  70  5:06  Baneling Nest  
  75  5:12  Overlord  
  75  5:13  Zergling x2  
  71  5:15  Overlord  
  71  5:18  Lair  
  71  5:21  Extractor, Overlord  
  71  5:22  Zergling x2  
  71  5:23  Drone x2  
  73  5:29  Hatchery  
  73  5:31  Spore Crawler  
  73  5:32  Zergling x2  
  73  5:33  Zergling x2  
  73  5:36  Spore Crawler  
  73  5:37  Spore Crawler  
  73  5:38  Zergling x2  
  73  5:39  Drone  
  73  5:40  Drone x2  
  75  5:45  Zergling x2  
  75  5:48  Zergling x4  
  78  5:51  Drone x3  
  78  5:53  Drone  
  78  5:56  Zergling x2  
  83  6:01  Zergling x2  
  83  6:02  Zergling x2  
  83  6:03  Zergling x2, Baneling x4  
  86  6:05  Zergling x2  
  86  6:07  Zergling x2  
  86  6:08  Zergling x2  
  86  6:10  Hatchery  
  88  6:12  Zergling x2  
  88  6:14  Overlord, Zergling x4  
  88  6:15  Zergling x2  
  88  6:17  Overlord  
  90  6:24  Centrifical Hooks  
  89  6:29  Baneling  
  89  6:30  Zergling x2  
  89  6:31  Overlord  
  90  6:33  Overlord, Baneling x6  
  90  6:38  Zergling x2  
  90  6:39  Zergling x10  
  96  6:42  Burrow  
  96  6:44  Zergling x4  
  96  6:45  Zergling x2  
  97  6:48  Drone  
  97  6:49  Zergling x2  
  97  6:50  Zerg Melee Weapons Level 2  
  97  6:52  Drone  
  97  6:53  Drone  
  100  6:54  Drone  
  100  6:59  Drone x4  
  102  7:02  Drone  
  102  7:03  Drone  
  102  7:04  Drone  
  102  7:06  Drone  
  102  7:07  Drone  
  107  7:08  Drone  
  107  7:09  Drone  
  107  7:10  Unknown  
  107  7:14  Baneling x4  
  108  7:17  Zergling x2  
  108  7:18  Zergling x8  
  108  7:21  Baneling x2  
  108  7:22  Zergling x2  
  113  7:24  Zergling x2  
  113  7:27  Zergling x2  
  113  7:28  Zergling x2  
  113  7:29  Zergling x2  
  113  7:33  Zergling x2  
  113  7:36  Zergling x2  
  103  7:37  Zergling x2  
  103  7:39  Drone x2  
  103  7:40  Drone  
  103  7:41  Drone x2  
  103  7:44  Drone x5  
  103  7:46  Drone  
  103  7:48  Zergling x2  
  111  7:51  Zergling x4  
  111  7:53  Zergling x4  
  111  7:54  Zergling x4  
  111  7:58  Baneling x3  
  116  8:00  Zergling x8  
  116  8:03  Zergling x2  
  113  8:05  Zergling x2  
  113  8:06  Zergling x2  
  112  8:13  Zergling x2  
  112  8:17  Zergling x2  
  112  8:19  Zergling x12  
  115  8:21  Zergling x4  
  115  8:23  Zergling x2  
  115  8:24  Zergling x2  
  115  8:25  Zergling x2  
  115  8:26  Zergling x2  
  112  8:27  Zergling x2  
  112  8:28  Zergling x2  
  112  8:31  Zergling x4  
  112  8:33  Zergling x2  
  98  8:36  Zergling x2, Baneling x2  
  98  8:37  Zergling x2  
  98  8:39  Queen, Zergling x2  
  98  8:40  Queen  
  102  8:43  Zergling x2  
  102  8:47  Zergling x2  
  98  8:49  Queen  
  98  8:50  Queen, Zergling x2  
  98  8:51  Hydralisk Den, Zergling x2  
  98  8:52  Zergling x2  
  98  8:54  Zergling x4  
  98  8:55  Drone  
  106  8:56  Drone  
  106  9:02  Zergling x6  
  109  9:06  Zergling x2  
  109  9:07  Zergling x2  
  110  9:10  Zergling x2  
  110  9:16  Overlord  
  111  9:18  Overlord  
  111  9:20  Baneling x10  
  111  9:31  Hydralisk x3, Overlord  
  108  9:33  Hydralisk  
  108  9:36  Hydralisk  
  108  9:37  Zergling x2  
  115  9:39  Zergling x2  
  115  9:40  Zergling x2  

Tags
 
Add a new tag
Caveats
  • Supply blocks, unpowered buildings, or Contaminate may cause inaccurate times.
  • Supply counts are checked every 10 seconds.